 Dungeon Crawl Stone Soup version 0.27.1-34-g3ba077fa99 (webtiles) character file.

Game seed: 17057458301776140579

259 styxcanada the Covert (level 5, -4/26 HPs)
             Began as a Spriggan Brigand on Jan 22, 2022.
             Slain by a kobold brigand (6 damage)
             ... on level 3 of the Dungeon on Jan 23, 2022.
             The game lasted 00:10:33 (2861 turns).

styxcanada the Covert (Spriggan Brigand)            Turns: 2861, Time: 00:10:34

Health: -4/26      AC:  3    Str:  7    XL:     5   Next: 95%
Magic:  6/6        EV: 18    Int: 13    God:
Gold:   170        SH:  0    Dex: 17    Spells: 4/4 levels left

rFire    . . .     SeeInvis +   i - +4 dagger
rCold    . . .     Faith    .   (shield restricted)
rNeg     . . .     Spirit   .   b - +0 robe
rPois    .         Reflect  .   (helmet restricted)
rElec    .         Harm     .   c - +0 cloak
rCorr    .         Rampage  .   (gloves unavailable)
Will     .....                  (boots unavailable)
Stlth    ++++......             (no amulet)
HPRegen  0.08/turn              (no ring)
MPRegen  0.10/turn              (no ring)

@: slowed, quick
A: very small, no large weapons, unfitting armour, see invisible, speed 3
a: no special abilities


You were on level 3 of the Dungeon.
You visited 1 branch of the dungeon, and saw 3 of its levels.

You collected 170 gold pieces.

Inventory:

Hand Weapons
 a - a +3 dagger
 g - a +0 hunting sling
 i - a +4 dagger (weapon)
Missiles
 e - a curare-tipped dart (quivered)
 f - 92 stones
 l - 4 boomerangs
Armour
 b - a +0 robe (worn)
 c - a +0 cloak (worn)
Scrolls
 j - 3 scrolls of identify
 k - a scroll of immolation
 m - a scroll of vulnerability {unknown}
 n - a scroll of fog {unknown}
Potions
 h - a potion of haste


   Skills:
 * Level 2.1 Fighting
 + Level 2.6 Short Blades
 + Level 2.7 Throwing
 * Level 3.5 Dodging
 * Level 9.1 Stealth


You had 4 spell levels left.
You didn't know any spells.
Your spell library was empty.

Dungeon Overview and Level Annotations

Branches:
Dungeon (3/15)

Altars:


Innate Abilities, Weirdness & Mutations

You are very small and have problems with some larger weapons.
You are too small for most types of armour.
You have supernaturally acute eyesight. (SInv)
You cover ground extremely quickly. (Speed+++)


Message History

Press: ? - help, Q - select action, (/) - cycle Shift-Dir - straight line, f/p - kobold brigand
Aim: a kobold brigand, wielding a +0 dagger and quivering curare-tipped darts (moderately wounded, poisoned, 55% to hit)
You throw a poisoned dart.
The poisoned dart hits the kobold brigand!
The kobold brigand looks even sicker.
The kobold brigand is moderately wounded.
You feel sick.
You feel sick.
The kobold brigand throws a curare-tipped dart.
The curare-tipped dart completely misses you.
Throw: dart (poison)
Press: ? - help, Q - select action, (/) - cycle Shift-Dir - straight line, f/p - kobold brigand
Aim: a kobold brigand, wielding a +0 dagger and quivering curare-tipped darts (moderately wounded, very poisoned, 55% to hit)
You throw a poisoned dart.
The poisoned dart hits the kobold brigand.
The kobold brigand looks as sick as possible!
The kobold brigand is moderately wounded.
You feel sick.
The kobold brigand throws a curare-tipped dart.
The curare-tipped dart barely misses you.
You feel sick.
The kobold brigand throws a curare-tipped dart.
The curare-tipped dart barely misses you.
You feel sick.
The kobold brigand hits you with a +0 dagger.
* * * LOW HITPOINT WARNING * * *
You barely miss the kobold brigand.
The kobold brigand is moderately wounded.
You feel sick. The kobold brigand misses you.
Unknown command.
Okay, then.
You barely miss the kobold brigand.
The kobold brigand is heavily wounded.
You feel sick.
You are no longer poisoned.
The kobold brigand closely misses you.
You hit the kobold brigand.
The kobold brigand is heavily wounded.
The kobold brigand hits you with a +0 dagger.
You die...

.♣P♣...♣♣♣♣..♣
....(....
♣.♣P.....♣ P♣
#......
♣♣.♣..♣P♣♣♣♣ ♣
#..(..
♣♣♣P♣..♣♣♣.
♣.#...#+
♣♣♣P..♣♣♣.♣
#.#...#.#
.♣....P♣..♣♣
#.......#
.♣♣..♣.♣...♣
###(#####
.♣..♣.♣.♣ ##K#
♣.♣♣♣.[P♣ ##.@#
...♣♣.PP♣ ###..##
♣♣♣♣♣♣♣♣♣♣##...##
♣♣ ♣♣♣#...### .♣
##♣....###
.####...####
..#...### #...###
#####


You could see a kobold brigand (very poisoned).

Vanquished Creatures
  Sigmund (D:3)
  A jelly (D:3)
  4 adders
  An orc (D:2)
  6 endoplasms
  2 giant cockroaches (D:1)
  2 goblins (D:2)
  A hobgoblin (D:3)
  3 kobolds
  7 quokkas
  5 ball pythons
  3 bats
  2 frilled lizards
  11 rats
49 creatures vanquished.

Vanquished Creatures (others)
  7 plants (D:3)
7 creatures vanquished.

Grand Total: 56 creatures vanquished

Notes
Turn   | Place    | Note
-------+----------+-------------------------------------------
     0 | D:1      | styxcanada the Spriggan Brigand began the quest for the
                  | Orb.
     0 | D:1      | Reached XP level 1. HP: 10/10 MP: 2/2
   106 | D:1      | Reached skill level 6 in Stealth
   332 | D:1      | Reached XP level 2. HP: 14/14 MP: 3/3
   999 | D:2      | Reached skill level 7 in Stealth
  1102 | D:2      | Reached XP level 3. HP: 17/18 MP: 4/4
  1554 | D:2      | Found a faded altar of an unknown god.
  2253 | D:3      | Reached skill level 8 in Stealth
  2253 | D:3      | Reached XP level 4. HP: 17/23 MP: 5/5
  2510 | D:3      | Noticed Sigmund
  2514 | D:3      | Killed Sigmund
  2515 | D:3      | Reached skill level 9 in Stealth
  2515 | D:3      | Reached XP level 5. HP: 26/26 MP: 6/6
  2861 | D:3      | Slain by a kobold brigand

Illustrated notes

Levels and vault maps discovered:
D:1:      saegor_arrival_simple_a, layout_basic, serial_bayou_pond_d
D:2:      layout_basic, hellmonk_ecumenical_altar_blasted, minmay_diced_spiral
D:3:      wad_woods_pond, layout_basic, uniq_sigmund

Skill      XL: |  1  2  3  4 |
---------------+-------------+-----
Stealth        | 6 7 8 9 |  9.1
Dodging        | 2 3 |  3.5
Fighting       | 2 |  2.1
Short Blades   | |  2.6
Throwing       | |  2.7

Action                   |  1- 3 |  4- 6 || total
-------------------------+-------+-------++-------
Melee: Dagger            |   110 |    34 ||   144
Throw: Dart              |    21 |     7 ||    28
  Use: Scroll            |     5 |       ||     5
 Stab: Sleeping          |     8 |     3 ||    11
       Distracted        |     2 |       ||     2
Armor: Robe              |    15 |     2 ||    17
Dodge: Dodged            |    68 |    27 ||    95
